 Dungeon Crawl Stone Soup version 0.21-a0-509-gecc5317402 (webtiles) character file.

301 RaHiT the Covert (level 6, -5/41 HPs)
             Began as a Vampire Enchanter on Nov 30, 2017.
             Killed from afar by Natasha (11 damage)
             ... with a magic dart
             ... on level 3 of the Dungeon.
             The game lasted 00:18:13 (2314 turns).

RaHiT the Covert (Vampire Enchanter)                Turns: 2314, Time: 00:18:15

Health: -5/41      AC:  2    Str: 12    XL:     6   Next: 14%
Magic:  8/10       EV: 13    Int: 17    God:
Gold:   80         SH:  0    Dex: 17    Spells: 2/11 levels left

rFire    . . .     SeeInvis +   a - +1 dagger
rCold    . . .     Gourm    .   (no shield)
rNeg     + . .     Faith    .   b - +0 robe
rPois    .         Spirit   .   (no helmet)
rElec    .         Reflect  .   (no cloak)
rCorr    .         Harm     .   (no gloves)
MR       .....                  (no boots)
Stlth    ++++......             s - amulet of magic regeneration
HPRegen  0.13/turn              (no ring)
MPRegen  0.37/turn              (no ring)

@: mighty, slowed, very slow
A: fangs 3, see invisible, unbreathing
a: Bat Form


You were on level 3 of the Dungeon.
You were not thirsty.

You visited 1 branch of the dungeon, and saw 3 of its levels.

You collected 80 gold pieces.

Inventory:

Hand Weapons
 a - a +1 dagger (weapon)
 u - a +0 blowgun
Missiles
 l - 4 needles of confusion
 v - 17 poisoned needles
Armour
 b - a +0 robe (worn)
Jewellery
 s - an amulet of magic regeneration (around neck)
Scrolls
 e - a scroll of magic mapping {unknown}
 j - 3 scrolls of enchant armour
 k - 2 scrolls of amnesia
 o - a scroll of fear {unknown}
 p - a scroll of teleportation {unknown}
Potions
 d - a potion of cancellation {unknown}
 f - a potion of mutation {unknown}
 g - 2 potions of might
 h - a potion of curing {unknown}
 i - 18 potions of blood
 m - a potion of agility {unknown}
 n - a potion of lignification {unknown}
 q - a potion of heal wounds {unknown}
 r - a potion of haste {unknown}
 t - a potion of resistance {unknown}
Books
 c - a book of Maledictions

   Spells                             Type                      Level
   a - Corona                         Hexes                        1
   b - Ensorcelled Hibernation        Hexes/Ice                    2
   c - Confuse                        Hexes                        3
   d - Tukima's Dance                 Hexes                        3
   e - Dazzling Spray                 Conjuration/Hexes            3


   Skills:
 - Level 1.1 Short Blades
 - Level 2.1 Dodging
 * Level 9.5 Stealth
 + Level 3.1 Spellcasting
 - Level 5.0 Hexes


You had 2 spell levels left.
You knew the following spells:

 Your Spells              Type           Power        Failure   Level  Hunger
a - Corona                Hex            ###....      2%          1    None
b - Ensorcelled Hibernat  Hex/Ice        ##....       10%         2    ##.....
c - Confuse               Hex            ###.....     7%          3    ###....
d - Tukima's Dance        Hex            ###.....     7%          3    ###....


Dungeon Overview and Level Annotations

Branches:
Dungeon (3/15)

Altars:

Annotations:
D:3 Natasha


Innate Abilities, Weirdness & Mutations

You have razor-sharp teeth.
You have supernaturally acute eyesight. (SInv)
You can survive without breathing.


Message History

Natasha resists with some effort.
Natasha claws you!
Casting: Confuse
Confirm with . or Enter, or press ? or * to list all spells.
Aiming: Confuse
Press: ? - help, Shift-Dir - straight line, f/p - Natasha
Aim: Natasha (chance to defeat MR: 50%) Natasha resists with some effort.
Natasha claws you. Natasha barely misses you.
The gnoll hits you from afar with a spear.
* * * LOW HITPOINT WARNING * * *
Natasha casts a spell at you.
You feel as though you will be slow longer.
It was a potion of might.
You feel very mighty all of a sudden. Natasha claws you.
* * * LOW HITPOINT WARNING * * *
Natasha claws you.
* * * LOW HITPOINT WARNING * * *
Natasha casts a spell at you. The magic dart hits you!
You die...

########gg..........
#......g....[.......
####g...............
#g#..............
#.####...........
#g####.#.........
##................
#h................
#@................
#.................
#.......o.........
##..#####...........
##..##.....#.........
##..###.####....[.....
######..<.........#........
##.............#####........
##..................#.#.###..


You could see Natasha, 3 gnolls and an orc (wandering).

Vanquished Creatures
  An orc warrior (D:2)
  An orc wizard (D:2)
  2 orc priests
  4 adders (D:2)
  An ooze (D:2)
  2 worms (D:2)
  2 dart slugs (D:2)
  2 leopard geckos (D:2)
  2 orcs (D:3)
  2 ball pythons (D:2)
  3 giant cockroaches
  7 goblins
  8 hobgoblins
  3 jackals (D:1)
  A quokka (D:3)
  9 bats
  4 frilled lizards
  10 kobolds
  6 rats
70 creatures vanquished.

Vanquished Creatures (others)
  A dancing weapon (D:3)
1 creature vanquished.

Grand Total: 71 creatures vanquished

Notes
Turn   | Place    | Note
-------+----------+-------------------------------------------
     0 | D:1      | RaHiT the Vampire Enchanter began the quest for the Orb.
     0 | D:1      | Reached XP level 1. HP: 13/13 MP: 3/3
   214 | D:1      | Reached skill level 5 in Stealth
   245 | D:1      | Reached XP level 2. HP: 15/19 MP: 3/5
   249 | D:1      | Learned a level 2 spell: Ensorcelled Hibernation
   655 | D:1      | Reached skill level 5 in Hexes
   811 | D:2      | Reached XP level 3. HP: 20/24 MP: 1/6
   830 | D:2      | Reached skill level 6 in Stealth
   838 | D:2      | Learned a level 3 spell: Confuse
  1083 | D:2      | Noticed an orc warrior
  1127 | D:2      | Reached skill level 7 in Stealth
  1228 | D:2      | Reached XP level 4. HP: 27/30 MP: 2/7
  1517 | D:2      | Reached skill level 8 in Stealth
  1520 | D:2      | Reached XP level 5. HP: 35/35 MP: 8/8
  1534 | D:2      | Killed an orc warrior
  1534 | D:2      | Reached skill level 9 in Stealth
  1551 | D:2      | Learned a level 3 spell: Tukima's Dance
  2071 | D:3      | Reached XP level 6. HP: 41/41 MP: 7/10
  2274 | D:3      | Noticed Natasha
  2314 | D:3      | Killed from afar by Natasha

Vault maps used:
D:1:      eino_arrival_cavern_d, minmay_door_square
D:3:      minmay_roachtagon, uniq_natasha

Skill      XL: |  1  2  3  4  5 |
---------------+----------------+-----
Stealth        | 5 7 8 9 |  9.5
Hexes          | 5 |  5.0
Spellcasting   | 3 |  3.1
Short Blades   | |  1.1
Dodging        | |  2.1

Action                   |  1- 3 |  4- 6 || total
-------------------------+-------+-------++-------
Melee: Dagger            |   101 |    83 ||   184
       Bite              |     9 |     6 ||    15
 Cast: Corona            |    11 |     3 ||    14
       Ensorcelled Hiber |    21 |    22 ||    43
       Confuse           |     1 |     6 ||     7
       Tukima's Dance    |       |     1 ||     1
 Abil: End Transformatio |       |     1 ||     1
       Bat Form          |       |     1 ||     1
  Use: Potion            |     7 |     8 ||    15
       Scroll            |     3 |     1 ||     4
 Stab: Sleeping          |    22 |    20 ||    42
       Confused          |     1 |     2 ||     3
Armor: Robe              |    17 |    14 ||    31
Dodge: Dodged            |    61 |    48 ||   109

Table legend:
 A = Spawn XP
 B = Non-spawn XP
 C = Spawn XP percentage of total XP
 D = Spawn monster count
 E = Non-spawn monster count
 F = Spawn count percentage of total count
 G = Total turns spent on level
                    A         B        C        D         E        F      G
               +---------+---------+-------+---------+---------+-------+---------
         Total |       0 |     430 |   0.0 |       0 |      70 |   0.0 |  2314
               +---------+---------+-------+---------+---------+-------+---------
           D:1 |       0 |      37 |   0.0 |       0 |      24 |   0.0 |   753
           D:2 |       0 |     330 |   0.0 |       0 |      33 |   0.0 |  1196
           D:3 |       0 |      63 |   0.0 |       0 |      13 |   0.0 |   365
               +---------+---------+-------+---------+---------+-------+---------
